 Dungeon Crawl Stone Soup version 0.27.1-4-g1640c2035a (webtiles) character file.

Game seed: 15366153311529528627

1355 pkoi the Grappler (level 8, 0/55 (63) HPs)
             Began as a White Draconian Monk on Nov 11, 2021.
             Was a Priest of Cheibriados.
             Slain by an orc warrior (5 damage)
             ... on level 5 of the Dungeon.
             The game lasted 00:07:08 (5831 turns).

pkoi the Grappler (White Draconian Monk)            Turns: 5831, Time: 00:07:09

HP:   0/55 (63)     AC: 10    Str: 22    XL:     8   Next: 37%
MP:   8/12          EV: 13    Int: 17    God:    Cheibriados [***...]
Gold: 235           SH:  0    Dex: 19    Spells: 9/10 levels left

rFire    + . .     SeeInvis .   s - +6 club (spect)
rCold    + . .     Faith    .   (no shield)
rNeg     . . .     Spirit   .   (armour unavailable)
rPois    .         Reflect  .   (helmet restricted)
rElec    .         Harm     .   d - +0 cloak {Will+}
rCorr    .         Rampage  .   u - +0 pair of gloves
Will     +....                  p - +1 pair of boots
Stlth    ++........             (no amulet)
HPRegen  0.18/turn              h - ring of protection from fire
MPRegen  0.13/turn              (no ring)

@: lethally poisoned (0 -> -3), heavily drained, very slow
A: breathe frost, AC +6, unfitting armour, cold resistance 1, cold-blooded
a: Breathe Frost, Renounce Religion, Bend Time, Temporal Distortion


You were on level 5 of the Dungeon.
You worshipped Cheibriados.
Cheibriados was most pleased with you.
You visited 2 branches of the dungeon, and saw 6 of its levels.

You collected 235 gold pieces.

Inventory:

Hand Weapons
 a - a +3 dagger of electrocution
 s - a +6 spectral club (weapon)
Missiles
 c - 4 atropa-tipped darts (quivered)
 j - 27 poisoned darts
 w - a throwing net
Armour
 d - a +0 cloak of willpower (worn)
 p - a +1 pair of boots (worn)
 u - a +0 pair of gloves (worn)
Jewellery
 h - a ring of protection from fire (left hand)
 l - a ring of fire
Wands
 r - a wand of acid (5)
 v - a wand of polymorph (7)
Scrolls
 e - 3 scrolls of identify
 f - a scroll of fear {unknown}
 i - 2 scrolls of amnesia
 q - a scroll of vulnerability {unknown}
 t - 2 scrolls of teleportation
Potions
 b - a potion of resistance
 g - 2 potions of heal wounds {unknown}
 k - a potion of might {unknown}
 m - 2 potions of degeneration {unknown}
 n - 2 potions of flight {unknown}
 o - 2 potions of lignification {unknown}


   Skills:
 - Level 3.2 Fighting
 - Level 2.6 Dodging
 - Level 1.7 Stealth
 + Level 8.3 Unarmed Combat
 - Level 1.7 Spellcasting
 - Level 1.9 Translocations
 + Level 6.3 Invocations


You had 9 spell levels left.
You knew the following spells:

 Your Spells              Type           Power      Damage    Failure   Level
a - Apportation           Tloc           16%        N/A       9%          1

Your spell library contained the following spells:

 Spells                   Type           Power      Damage    Failure   Level
 Alistair's Intoxication  Tmut/Pois      0%         N/A       99%         5
 Invisibility             Hex            0%         N/A       100%        6


Dungeon Overview and Level Annotations

Branches:
Dungeon (5/15)             Temple (1/1) D:4

Altars:
Ashenzari
Cheibriados
Fedhas
Gozag
Kikubaaqudgha
Makhleb
Nemelex Xobeh
Qazlal
Sif Muna
Vehumet
Wu Jian
Xom
The Shining One

Shops:
D:2 *


Innate Abilities, Weirdness & Mutations

You can breathe waves of freezing cold which knock back foes.
Your icy white scales are hard. (AC +6)
You cannot fit into any form of body armour.
Your flesh is cold resistant. (rC+)
You are cold-blooded and may be slowed by cold attacks.


Message History

Unknown command.
You closely miss the orc warrior.
You tail-slap the orc warrior, but do no damage.
The orc warrior is moderately wounded.
Your +6 spectral club hits the orc warrior but does no damage.
You feel sick.
The orc warrior hits you with a +3 whip of draining!
* * * LOW HITPOINT WARNING * * *
You feel drained.
* * * LOW HITPOINT WARNING * * *
The orc warrior hits you with a +3 whip of draining.
* * * LOW HITPOINT WARNING * * *
You feel drained.
You hit the orc warrior.
Your tail-slap misses the orc warrior.
The orc warrior is moderately wounded.
Your +6 spectral club hits the orc warrior!
You feel sick.
A black bear comes into view.
The orc warrior hits you with a +3 whip of draining.
* * * LOW HITPOINT WARNING * * *
You feel drained.
* * * LOW HITPOINT WARNING * * *
You barely miss the orc warrior.
The orc warrior is severely wounded.
Your +6 spectral club hits the orc warrior but does no damage.
The orc warrior hits you with a +3 whip of draining!
* * * LOW HITPOINT WARNING * * *
You feel drained.
Unknown command.
Your spectral weapon shares its damage with you!
You feel your bond with your spectral weapon wane.
You warp the flow of time around you!
Cheibriados lowers the support of your attributes as your movement quickens.
You barely miss the orc warrior.
You tail-slap the orc warrior, but do no damage.
The orc warrior is severely wounded.
Your +6 spectral club hits the orc warrior.
You feel sick.
The orc warrior hits you with a +3 whip of draining.
You die...

#.......#
.##)......#
.........# .#
#.......# .#
#.......# .#
.###.......##.#
......$.....#.##
...###o(........#
......h@.....#..#
#.......#....[..#
...#......#.#...#
.....#....#.#...##
#....#...#.#....#
#...#...###...#..#
..# .#... #))..#.#
#. .#.#.# #...#..#
.##. ##..##.#


You could see an orc warrior, a black bear and a friendly +6 spectral club
(summoned).

Vanquished Creatures
  Pikel (D:4)
  Prince Ribbit (D:5)
  A centaur (D:5)
  A kobold brigand (D:5)
  2 howler monkeys
  2 orc priests
  A hound (D:5)
  A centaur skeleton (D:4)
  A jelly (D:5)
  3 iguanas
  Ijyb (D:4)
  3 orc wizards
  3 gnolls (D:2)
  An adder (D:5)
  A river rat (D:4)
  A worm (D:4)
  6 dart slugs
  7 orcs
  3 bats
  6 endoplasms
  7 giant cockroaches
  10 goblins
  6 hobgoblins
  10 jackals
  6 kobolds
  6 quokkas
  11 ball pythons
  3 frilled lizards
  5 rats
110 creatures vanquished.

Notes
Turn   | Place    | Note
-------+----------+-------------------------------------------
     0 | D:1      | pkoi the Draconian Monk began the quest for the Orb.
     0 | D:1      | Reached XP level 1. HP: 19/19 MP: 1/1
   173 | D:1      | Reached XP level 2. HP: 22/26 MP: 2/2
   342 | D:1      | Found a faded altar of an unknown god.
   378 | D:1      | Reached skill level 4 in Unarmed Combat
   815 | D:1      | Reached XP level 3. HP: 30/31 MP: 3/3
  1461 | D:2      | Found Ehil's General Store.
  1547 | D:2      | Reached XP level 4. HP: 24/38 MP: 4/4
  1688 | D:2      | Reached skill level 5 in Unarmed Combat
  1860 | D:2      | Found an ancient bone altar of Kikubaaqudgha.
  2262 | D:3      | Learned a level 1 spell: Apportation
  2282 | D:3      | Found a broken altar of Ashenzari.
  2728 | D:3      | Reached skill level 1 in Translocations
  2728 | D:3      | Reached XP level 5. HP: 43/45 MP: 4/6
  2945 | D:4      | Reached skill level 1 in Spellcasting
  3377 | D:4      | Found a staircase to the Ecumenical Temple.
  3401 | Temple   | Entered the Ecumenical Temple
  3573 | Temple   | Became a worshipper of Cheibriados the Contemplative
  3573 | Temple   | Reached * piety under Cheibriados
  3573 | Temple   | Reached ** piety under Cheibriados
  3719 | D:4      | Reached XP level 6. HP: 12/51 MP: 8/8
  3721 | D:4      | Reached skill level 1 in Invocations
  4076 | D:4      | Noticed Ijyb
  4084 | D:4      | Killed Ijyb
  4085 | D:4      | Reached skill level 6 in Unarmed Combat
  4795 | D:5      | Entered Level 5 of the Dungeon
  4844 | D:5      | Noticed Pikel
  4861 | D:4      | Killed Pikel
  4862 | D:4      | Reached skill level 7 in Unarmed Combat
  4862 | D:4      | Your scales start taking on an icy white colour.
  4862 | D:4      | Reached XP level 7. HP: 37/57 MP: 8/10
  4862 | D:4      | Gained mutation: Your flesh is cold resistant. (rC+) [White
                  | Draconian growth]
  5108 | D:5      | Noticed Prince Ribbit
  5128 | D:5      | Killed Prince Ribbit
  5129 | D:5      | Reached skill level 5 in Invocations
  5129 | D:5      | Reached XP level 8. HP: 49/63 MP: 10/12
  5462 | D:5      | Reached *** piety under Cheibriados
  5463 | D:5      | Reached skill level 8 in Unarmed Combat
  5831 | D:5      | Slain by an orc warrior

Illustrated notes

Levels and vault maps discovered:
D:1:      dpeg_arrival_tiny_a, layout_loops_cross,
          hellmonk_ecumenical_altar_pennies_from_heaven, serial_bayou_crossing
D:2:      minmay_general_purpose_star, layout_basic, serial_shops, shop,
          basic_altar, minmay_octomino_j4
D:3:      layout_loops_cross, evilmike_ruin_ashenzari, kennysheep_potato
D:4:      minmay_spotlight, layout_loops_corners,
          minmay_temple_entry_proselytizer, portal_sewer_entry_e,
          corexii_hall_statues_i, grunt_decor_fettered, minmay_crossroads,
          uniq_ijyb
D:5:      layout_loops_ring, minmay_increasing_density, uniq_prince_ribbit1,
          uniq_pikel
Temple:   regret_index_temple_sigil_plot

Skill      XL: |  1  2  3  4  5  6  7  8 |
---------------+-------------------------+-----
Unarmed Combat | 4 5 7 8 |  8.3
Translocations | 1 |  1.9
Spellcasting   | 1 |  1.7
Invocations    | 4 5 6 |  6.3
Fighting       | |  3.2
Dodging        | |  2.6
Stealth        | |  1.7

Action                   |  1- 3 |  4- 6 |  7- 9 || total
-------------------------+-------+-------+-------++-------
Melee: Dagger            |    97 |   120 |       ||   217
       Tailslap          |    15 |    19 |    12 ||    46
       Unarmed           |     1 |       |       ||     1
       Punch             |       |     7 |     1 ||     8
       Club              |       |    45 |    42 ||    87
Invok: Temporal Distorti |       |       |     1 ||     1
  Use: Scroll            |     3 |     3 |       ||     6
       Potion            |       |     1 |       ||     1
 Stab: Sleeping          |     4 |     2 |     1 ||     7
Armor: Skin              |    28 |    56 |    26 ||   110
Dodge: Dodged            |    62 |   124 |    32 ||   218
